 Dungeon Crawl Stone Soup version 0.28.0-45-g0d030f2227 (webtiles) character file.

Game seed: 1210433545829392449

32 pkoi the Insei (level 2, 0/24 HPs)
             Began as a Demigod Gladiator on Apr 25, 2022.
             Succumbed to an adder's poison
             ... on level 2 of the Dungeon.
             The game lasted 00:01:48 (1754 turns).

pkoi the Insei (Demigod Gladiator)                  Turns: 1754, Time: 00:01:48

Health: 0/24       AC:  5    Str: 15    XL:     2   Next: 93%
Magic:  4/4        EV: 16    Int: 10    God:
Gold:   54         SH:  0    Dex: 15    Spells: 1/1 levels left

rFire   . . .      SeeInvis .     - Unarmed
rCold   . . .      Faith    .   (no shield)
rNeg    . . .      Spirit   .   a - +0 leather armour
rPois   .          Reflect  .   b - +0 helmet
rElec   .          Harm     .   (no cloak)
rCorr   .          Rampage  .   (no gloves)
Will    .....                   h - +0 pair of boots
Stlth   +.........              (no amulet)
HPRegen 0.08/turn               i - +4 ring of evasion
MPRegen 0.09/turn               (no ring)

@: lethally poisoned (0 -> -7)
A: high MP 1, forlorn, divine attributes
a: no special abilities


You were on level 2 of the Dungeon.
You visited 1 branch of the dungeon, and saw 2 of its levels.

You collected 54 gold pieces.

Inventory:

Hand Weapons
 f - a +0 whip
Missiles
 c - 2 throwing nets (quivered)
Armour
 a - a +0 leather armour (worn)
 b - a +0 helmet (worn)
 h - a +0 pair of boots (worn)
Jewellery
 i - a +4 ring of evasion (left hand)
Scrolls
 d - 2 scrolls of identify
 e - 2 scrolls of immolation
Potions
 g - a potion of might


   Skills:
 - Level 1.7 Fighting
 - Level 1.7 Throwing
 - Level 2.6 Dodging
 + Level 3.9 Unarmed Combat


You had one spell level left.
You didn't know any spells.
Your spell library was empty.

Dungeon Overview and Level Annotations

Branches:
Dungeon (2/15)


Innate Abilities, Weirdness & Mutations

You have an increased reservoir of magic. (+10% MP)
You shall have no god before yourself.
Your divine heritage dramatically boosts your attributes as you level up.


Message History

The adder is moderately wounded.
The adder bites you.
* * * LOW HITPOINT WARNING * * *
You are poisoned.
The adder poisons you!
You are too injured to fight recklessly!
You are too injured to fight recklessly!
You are too injured to fight recklessly!
You are too injured to fight recklessly!
You are too injured to fight recklessly!
You are too injured to fight recklessly!
You are too injured to fight recklessly!
You are too injured to fight recklessly!
You are too injured to fight recklessly!
You are too injured to fight recklessly!
You hit the adder.
The adder is severely wounded.
You feel sick. The adder bites you but does no damage.
You miss the adder.
The adder is severely wounded.
You feel sick. The adder bites you.
* * * LOW HITPOINT WARNING * * *
You completely miss the adder.
The adder is severely wounded.
You feel sick. The adder closely misses you.
You hit the adder.
The adder is almost dead.
You feel sick. The adder bites you.
* * * LOW HITPOINT WARNING * * *
You are lethally poisoned!
The adder poisons you! The adder bites you.
* * * LOW HITPOINT WARNING * * *
You closely miss the adder.
The adder is almost dead.
* * * LOW HITPOINT WARNING * * *
You feel sick. The adder bites you.
* * * LOW HITPOINT WARNING * * *
You closely miss the adder.
The adder is almost dead.
You die...

###.## .....# ..#
###..# ..#
##...######. ..#
†........... ..
##.......... .#
##########.#####.#
####.....S.##
#####
.......#.@..#
..... #.#...##.#
####. #.# #.##.##
# #. #.# #.##.# .#
#. #.# #.##.# . #.
#.# #..#.# ##.
#.##.####.#.# #..
#..#.#......# #.#
###.#.#.##.#####.
#.#


You could see an adder.

Vanquished Creatures
  A worm (D:2)
  4 ball pythons
  An endoplasm (D:1)
  2 giant cockroaches (D:1)
  5 goblins
  2 hobgoblins (D:1)
  3 kobolds
  3 quokkas
  2 bats (D:1)
  2 rats
25 creatures vanquished.

Notes
Turn   | Place    | Note
-------+----------+-------------------------------------------
     0 | D:1      | pkoi the Demigod Gladiator began the quest for the Orb.
     0 | D:1      | Reached XP level 1. HP: 17/17 MP: 3/3
    72 | D:1      | Reached skill level 3 in Unarmed Combat
   685 | D:1      | Reached XP level 2. HP: 22/24 MP: 4/4
  1754 | D:2      | Succumbed to an adder's poison

Illustrated notes

Levels and vault maps discovered:
D:1:      lightli_arrival_windingriver, layout_basic,
          shapermc_ecumenical_altar_mp_ritualfount, minmay_misc_feat_alley,
          minmay_parallelograms
D:2:      layout_loops_ring, st_stairs_5

Skill      XL: |  1 |
---------------+----+-----
Unarmed Combat | 3 |  3.9
Fighting       | |  1.7
Throwing       | |  1.7
Dodging        | |  2.6

Action                   || total
-------------------------++-------
Melee: Unarmed           ||   107
       Punch             ||     3
Throw: Throwing net      ||     1
  Use: Scroll            ||     5
 Stab: Held in net/web   ||     1
       Sleeping          ||     1
Armor: Leather armour    ||    22
Dodge: Dodged            ||    71
